AoeStats
← Lady Malbec

Arabia

509756796Analyzed
1v1 RM · 3d ago on Sep 27, 2026· 65m 37s· 2 players
Game mode
Random Map
Map size
Tiny (2 player)
Population
200
Speed
Normal
Resources
Standard
Victory
Conquest
Starting age
Dark Age
Ending age
Imperial Age
RankedLock teamsTeams togetherTeam positionsShared explorationLock speedFull tech treeHidden civsTurbo modeCheats
Victory
Defeat
🇧🇴 Georgians · Bolivia
1169
+18
🇦🇷 Georgians · Argentina
1203
-18
Lady Malbec
6:13 Loom
9:26 Feudal Age
10:07 Town Watch
10:58 Double-Bit Axe
11:25 Horse Collar
20:42 Castle Age
21:10 Fletching
21:34 Husbandry
22:02 Bodkin Arrow
22:48 Gold Mining
26:04 Wheelbarrow
28:12 Bloodlines
29:53 Scale Barding Armor
31:21 Ballistics
31:26 Chain Barding Armor
31:59 Town Patrol
34:59 Hand Cart
35:21 Sanctity
38:42 Imperial Age
36:46 Heavy Plow
41:21 Conscription
40:59 Heavy Cavalry Archer
43:02 Light Cavalry
45:19 Plate Barding Armor
44:54 Forging
44:46 Bracer
45:45 Bow Saw
47:50 Iron Casting
46:40 Hussar
48:15 Padded Archer Armor
48:43 Parthian Tactics
57:44 Devotion
Ricky CDL
0:48 Loom
9:09 Feudal Age
10:08 Double-Bit Axe
10:53 Horse Collar
20:09 Castle Age
20:38 Bloodlines
20:44 Forging
20:39 Scale Barding Armor
21:21 Husbandry
25:13 Chain Barding Armor
27:52 Wheelbarrow
30:00 Town Watch
34:51 Hand Cart
35:46 Heavy Plow
39:19 Imperial Age
37:13 Light Cavalry
40:24 Hussar
43:00 Elite Monaspa
44:01 Conscription
47:50 Crop Rotation
57:38 Iron Casting
57:38 Plate Barding Armor
59:32 Squires
59:17 Arson
62:28 Blast Furnace
63:26 Bow Saw
63:06 Gold Mining
63:06 Stone Mining
63:08 Fletching
63:18 Padded Archer Armor
Connection lost

Rejoining the realm…

Still unreachable

The connection could not be restored.

Session expired

The server has moved on; the page needs a fresh start.